 Dungeon Crawl Stone Soup version 0.30-a0-304-gdc4b735fe1 (webtiles) character file.

Game seed: 18202696610159108677

12037 MrElixer the Carver (level 11, -7/102 HPs)
             Began as a Minotaur Fighter on Oct 20, 2022.
             Was an Elder of Wu Jian.
             Mangled by a komodo dragon (20 damage)
             ... on level 5 of the Lair of Beasts on Oct 21, 2022.
             The game lasted 00:46:39 (9428 turns).

MrElixer the Carver (Minotaur Fighter)              Turns: 9428, Time: 00:46:39

Health: -7/102     AC: 27    Str: 21    XL:     11   Next: 57%
Magic:  0/10       EV:  8    Int:  5    God:    Wu Jian [****..]
Gold:   596        SH:  6    Dex: 14    Spells: 10/10 levels left

rFire   . . .      SeeInvis .    u - +3 long sword (holy)
rCold   . . .      Faith    .    c - +0 buckler
rNeg    . . .      Spirit   +    m - +1 plate armour
rPois   .          Reflect  .    q - +1 hat
rElec   .          Harm     .    C - +2 cloak
rCorr   .          Rampage  .    e - +0 pair of gloves
Will    .....                    h - +0 pair of boots
Stlth   ..........               y - amulet of guardian spirit
HPRegen 0.37/turn                f - +4 ring of protection
MPRegen 0.12/turn                (no ring)

@: no status effects
A: horns 2, retaliatory headbutt
a: Renounce Religion, Wall Jump, Serpent's Lash


You were on level 5 of the Lair of Beasts.
You worshipped Wu Jian.
Wu Jian was greatly pleased with you.
You visited 2 branches of the dungeon, and saw 13 of its levels.
You also visited: Ossuary.

You collected 767 gold pieces.
You spent 171 gold pieces at shops.

Inventory:

Hand Weapons
 a - a +0 flail
 n - a +3 quarterstaff of chaos
 s - a +1 scythe of venom
 u - a +3 long sword of holy wrath (weapon)
 x - a +4 dagger of protection
 S - a +3 war axe
Missiles
 O - 15 poisoned darts (quivered)
 U - 6 boomerangs
Armour
 b - a +0 scale mail
 c - a +0 buckler (worn)
 e - a +0 pair of gloves (worn)
 h - a +0 pair of boots (worn)
 j - a +0 chain mail
 m - a +1 plate armour (worn)
 q - a +1 hat (worn)
 t - a +0 helmet
 C - a +2 cloak (worn)
 Q - +0 ice dragon scales
Magical Staves
 F - a staff of earth
Jewellery
 f - a +4 ring of protection (left hand)
 y - an amulet of guardian spirit (around neck)
 E - an amulet of faith
Wands
 v - a wand of mindburst (2)
 J - a wand of digging (6)
 M - a wand of polymorph (4)
 N - a wand of roots (11)
 R - a wand of acid (4)
Scrolls
 l - a scroll of amnesia
 p - a scroll of silence
 r - 2 scrolls of enchant weapon
 w - 6 scrolls of teleportation
 D - 2 scrolls of blinking
 H - 2 scrolls of identify
 L - a scroll of magic mapping {unknown}
 V - a scroll of immolation {unknown}
Potions
 g - 2 potions of invisibility
 i - a potion of curing
 k - a potion of magic
 o - 3 potions of attraction {unknown}
 z - a potion of ambrosia {unknown}
 A - a potion of berserk rage {unknown}
 B - a potion of lignification {unknown}
 G - a potion of flight {unknown}
 I - a potion of haste {unknown}
 K - a potion of brilliance {unknown}
 P - 2 potions of degeneration {unknown}
 T - a potion of might


   Skills:
 + Level 11.0 Fighting
 + Level 13.6 Long Blades
 + Level 5.2 Maces & Flails
 + Level 1.8 Throwing
 + Level 10.4 Armour
 + Level 4.3 Dodging
 + Level 0.8 Stealth
 + Level 8.0 Shields
 + Level 0.1 Evocations


You had 10 spell levels left.
You didn't know any spells.
Your spell library contained the following spells:

 Spells                   Type           Power      Damage    Failure   Level
 Magic Dart               Conj           0%         1d3       100%        1
 Necrotise                Necr           0%         1d4       100%        1
 Ensorcelled Hibernation  Hex/Ice        0%         N/A       100%        2
 Searing Ray              Conj           0%         2d4       100%        2
 Dazzling Flash           Conj/Hex       0%         N/A       100%        3
 Gell's Gravitas          Tloc           0%         N/A       100%        3
 Lesser Beckoning         Tloc           0%         N/A       100%        3
 Spider Form              Tmut/Pois      0%         N/A       100%        3
 Stone Arrow              Conj/Erth      0%         3d7       100%        3
 Teleport Other           Tloc           0%         N/A       100%        3
 Vampiric Draining        Necr           0%         2d6       100%        3
 Anguish                  Hex/Necr       0%         N/A       100%        4
 Animate Armour           Summ/Erth      0%         N/A       100%        4
 Fulminant Prism          Conj/Hex       0%         3d6       100%        4
 Iskenderun's Mystic Bla  Conj/Tloc      0%         2d3       100%        4
 Agony                    Necr           0%         N/A       100%        5
 Summon Forest            Summ/Tloc      0%         N/A       100%        5
 Summon Mana Viper        Hex/Summ       0%         N/A       100%        5
 Eringya's Noxious Bog    Tmut/Pois      0%         N/A       100%        6
 Starburst                Conj/Fire      0%         6d3       100%        6
 Summon Cactus Giant      Summ           0%         N/A       100%        6
 Summon Hydra             Summ           0%         N/A       100%        7
 Lehudib's Crystal Spear  Conj/Erth      0%         10d2      100%        8


Dungeon Overview and Level Annotations

Branches:
Dungeon (8/15)             Temple (0/1) D:4            Lair (5/5) D:8
  Swamp (0/4) Lair:2      Ossuary (visited)
  Snake: Lair:2-3    Spider: Lair:2-3     Slime: Lair:4-5

Altars:
Cheibriados
Fedhas
Makhleb
Qazlal
Uskayaw
Wu Jian
The Shining One

Shops:
D:2 [(!   D:5 :   D:6 **

Annotations:
Lair:3 Rupert


Innate Abilities, Weirdness & Mutations

You have a pair of horns on your head.
You reflexively headbutt those who attack you in melee.


Message History

You throw a poisoned dart. The poisoned dart hits the cane toad.
The cane toad is severely wounded.
You feel better. The cane toad stings you!
* * * LOW HITPOINT WARNING * * *
You hit the cane toad.
The cane toad is severely wounded.
The cane toad closely misses you.
You spin and attack the cane toad repeatedly.
You slash the cane toad!
You kill the cane toad!
The Council accepts your kill.
Your Fighting skill increases to level 11!
Your Shields skill increases to level 8!
A cane toad comes into view.
The cane toad gives a loud, deep croak!
You hear an angry hiss.
A water moccasin comes into view.
The water moccasin hisses angrily.
You spin and attack the water moccasin repeatedly.
You slash the water moccasin! You headbutt the water moccasin!
The water moccasin is almost dead.
You hit the water moccasin. You headbutt the water moccasin.
You kill the water moccasin!
The Council accepts your kill.
The cane toad stings you but does no damage.
You feel better. You block the komodo dragon's attack.
The cane toad stings you.
* * * LOW HITPOINT WARNING * * *
The cane toad attacks as you move away! You block the cane toad's attack.
Found a flail.
The komodo dragon attacks as you move away!
The komodo dragon bites you!
* * * LOW HITPOINT WARNING * * *
The cane toad barely misses you. The cane toad attacks as you move away!
The cane toad barely misses you. The cane toad attacks as you move away!
The cane toad stings you but does no damage.
The komodo dragon attacks as you move away!
The komodo dragon bites you!!
You die...

......=.................
........................
.......†................
.............(..........
........................
.............<..........
........................
.........Fl.............
..........@..........
#..#.................
..##.#.......#.#P.... ..
##..P.....###.....
##........ .....
#....).... ...........
.............


You could see a komodo dragon and a cane toad.

Vanquished Creatures
  Pikel (D:7)
  2 cyclopes (D:8)
  3 cane toads
  2 komodo dragons
  A polar bear (Lair:1)
  Sigmund (D:4)
  5 wyverns (D:8)
  15 yaks
  A basilisk (Lair:1)
  Menkaure (D:5)
  16 water moccasins
  Duvessa (D:6)
  An orc warrior (D:6)
  An ice beast (D:5)
  3 black bears
  An ogre (D:5)
  7 wolves
  A phantom (D:4)
  3 kobold brigands
  Blork the orc (D:4)
  10 bullfrogs
  4 necrophages
  6 scorpions
  7 wights (D:8)
  Dowan (D:6)
  5 killer bees (D:8)
  An electric eel (D:6)
  A howler monkey (D:6)
  A centaur zombie (Ossuary)
  A human zombie (Ossuary)
  A hound (D:5)
  5 orc priests
  A gnoll bouda (D:8)
  Crazy Yiuf (D:5)
  3 iguanas
  8 orc wizards
  2 mummies (Ossuary)
  7 adders
  5 gnolls (D:8)
  A shadow imp (D:6)
  A white imp (D:5)
  2 ufetubi
  3 worms
  2 dart slugs
  21 orcs
  7 ball pythons
  6 bats
  12 endoplasms
  7 giant cockroaches
  5 goblins
  4 hobgoblins
  7 jackals
  2 quokkas
  5 frilled lizards
  A gnoll zombie (Ossuary)
  4 goblin zombies (Ossuary)
  3 hobgoblin zombies (Ossuary)
  22 kobolds
  4 orc zombies (Ossuary)
  7 rats
263 creatures vanquished.

Vanquished Creatures (others)
  A bush (Lair:1)
  8 fungi
  13 plants
22 creatures vanquished.

Grand Total: 285 creatures vanquished

Notes
Turn   | Place    | Note
-------+----------+-------------------------------------------
     0 | D:1      | MrElixer the Minotaur Fighter began the quest for the Orb.
     0 | D:1      | Reached XP level 1. HP: 19/19 MP: 0/0
   186 | D:1      | Reached XP level 2. HP: 26/27 MP: 1/1
   749 | D:2      | Reached XP level 3. HP: 27/33 MP: 2/2
   787 | D:2      | Found Siwev's Distillery.
   801 | D:2      | Bought 2 potions of curing for 66 gold pieces
  1028 | D:2      | Found Quiry's Antique Armour Shop.
  1074 | D:2      | Found Ucarous's Antique Weapon Emporium.
  1117 | D:2      | Reached XP level 4. HP: 40/40 MP: 3/3
  1606 | D:3      | Found a blossoming altar of Fedhas.
  1705 | D:3      | Found a snail-covered altar of Cheibriados.
  1717 | D:3      | Reached XP level 5. HP: 46/47 MP: 4/4
  1919 | D:3      | Found a faded altar of an unknown god.
  2001 | D:3      | Found an ornate altar of the Wu Jian Council.
  2012 | D:3      | Became a worshipper of the Wu Jian Council
  2127 | D:4      | Found a stormy altar of Qazlal.
  2148 | D:4      | Reached skill level 1 in Long Blades
  2166 | D:4      | Noticed Sigmund
  2171 | D:4      | Found a staircase to the Ecumenical Temple.
  2174 | D:4      | Reached skill level 5 in Maces & Flails
  2184 | D:4      | Killed Sigmund
  2185 | D:4      | Reached skill level 2 in Long Blades
  2185 | D:4      | Reached skill level 1 in Dodging
  2185 | D:4      | Reached XP level 6. HP: 14/53 MP: 5/5
  2304 | D:4      | Noticed Blork the orc
  2318 | D:4      | Killed Blork the orc
  2319 | D:4      | Reached skill level 3 in Long Blades
  2602 | D:4      | Reached skill level 5 in Fighting
  2701 | D:4      | Reached XP level 7. HP: 61/61 MP: 6/6
  2823 | D:4      | Reached skill level 4 in Long Blades
  2823 | D:4      | Reached skill level 5 in Armour
  3021 | D:5      | Entered Level 5 of the Dungeon
  3036 | D:5      | Found Ticsarhoehi's Book Emporium.
  3092 | D:5      | Found a sand-covered staircase.
  3103 | Ossuary  | Entered an ossuary
  3130 | Ossuary  | Reached skill level 5 in Shields
  3220 | Ossuary  | Reached * piety under Wu Jian
  3370 | D:5      | Reached skill level 5 in Long Blades
  3433 | D:5      | Found a runed translucent door.
  3434 | D:5      | Noticed Crazy Yiuf
  3442 | D:5      | Killed Crazy Yiuf
  3527 | D:5      | Noticed Menkaure
  3570 | D:5      | Killed Menkaure
  3798 | D:5      | Reached skill level 6 in Long Blades
  3798 | D:5      | Reached XP level 8. HP: 44/69 MP: 3/7
  4277 | D:6      | Noticed Duvessa
  4290 | D:6      | Killed Duvessa
  4291 | D:6      | Noticed Dowan
  4296 | D:6      | Killed Dowan
  4297 | D:6      | Reached skill level 7 in Long Blades
  4482 | D:6      | Reached ** piety under Wu Jian
  4573 | D:6      | Found Emis's General Store.
  4577 | D:6      | Found Yquunuequ's Assorted Antiques.
  4640 | D:6      | Reached skill level 8 in Long Blades
  4876 | D:6      | Bought a scroll of blinking for 75 gold pieces
  4876 | D:6      | Bought a scroll of teleportation for 30 gold pieces
  4946 | D:6      | Found a glowing golden altar of the Shining One.
  4946 | D:6      | Found a burning altar of Makhleb.
  5574 | D:7      | Reached XP level 9. HP: 75/78 MP: 6/8
  5854 | D:7      | Reached skill level 9 in Long Blades
  6131 | D:7      | Found a hide-covered altar of Uskayaw.
  6444 | D:7      | Noticed Pikel
  6453 | D:7      | Killed Pikel
  6669 | D:8      | Noticed a cyclops
  6944 | D:8      | Reached *** piety under Wu Jian
  7004 | D:8      | Reached skill level 10 in Long Blades
  7039 | D:8      | Killed a cyclops
  7060 | D:8      | Reached XP level 10. HP: 45/90 MP: 6/9
  7113 | D:8      | Reached skill level 11 in Long Blades
  7356 | D:8      | Noticed a cyclops
  7367 | D:8      | Killed a cyclops
  7555 | D:8      | Reached **** piety under Wu Jian
  7644 | D:8      | Found a staircase to the Lair.
  7791 | Lair:1   | Entered Level 1 of the Lair of Beasts
  7791 | Lair:1   | Noticed a cane toad
  7803 | Lair:1   | Killed a cane toad
  7804 | Lair:1   | Reached skill level 12 in Long Blades
  8249 | Lair:1   | Reached XP level 11. HP: 89/99 MP: 10/10
  8329 | Lair:1   | Reached skill level 1 in Throwing
  8503 | Lair:1   | Reached skill level 10 in Fighting
  8691 | Lair:1   | Reached skill level 13 in Long Blades
  8720 | Lair:1   | Reached skill level 10 in Armour
  9218 | Lair:2   | Found a staircase to the Swamp.
  9251 | Lair:2   | You fall into a shaft and drop 2 floors!
  9355 | Lair:3   | Noticed Rupert
  9378 | Lair:4   | Noticed an eight-headed hydra
  9391 | Lair:5   | Entered Level 5 of the Lair of Beasts
  9405 | Lair:5   | HP: 5/101 [cane toad (12)]
  9428 | Lair:5   | Mangled by a komodo dragon

Illustrated notes

Levels and vault maps discovered:
D:1:      dpeg_arrival_refuge, layout_loops_cross,
          chequers_serial_rivers_micro_d
D:2:      cheibrodos_pilgrimage, layout_basic, serial_shops,
          nicolae_shop_overgrown_old_shop, nicolae_shop_stone, shop
D:3:      layout_rooms, fedhas_altar_4, amcnicky_altar_gilded,
          pf_just_have_faith, shapermc_ecumenical_altar_mp_vishouse
D:4:      kennysheep_big_flooded_room, layout_basic, grunt_qazlal_clouds,
          minmay_temple_entry_slanted, uniq_blork_the_orc, uniq_sigmund
D:5:      layout_cave_pools, nicolae_ossuary_entry_ruins, serial_shops,
          nicolae_shop_hallway_plus, uniq_crazy_yiuf_cottage, uniq_menkaure
D:6:      layout_basic, chequers_temple_overflow_statue_of_worship,
          nicolae_wooded_promenade, patterned_corridor, uniq_duvessa
D:7:      layout_gridville, general_overflow_altar,
          minmay_a_box_with_orc_wizards_in_it, uniq_pikel
D:8:      layout_basic, minmay_lair_entry_grove
Lair:1:   layout_small_grid, chequers_serial_rivers_small_3, st_stairs_3
Lair:2:   layout_gridlike, swamp_mist, minmay_snake_entry_guardpost_medium,
          serial_bayou_shore_b
Lair:3:   layout_loops_ring, minmay_lindwurm_lava, uniq_rupert
Lair:4:   layout_loops_ring, roderic_carrion_pond
Lair:5:   hangedman_lair_caniforms_friends, layout_hall_layers,
          dpeg_slime_entry_enclosed, serial_bayou_shore_b, lemuel_fruit_tree

Skill      XL: |  1  2  3  4  5  6  7  8  9 10 11 |
---------------+----------------------------------+-----
Fighting       | 4 5 6 8 9 11 | 11.0
Armour         | 4 5 7 8 9 10 | 10.4
Maces & Flails | 3 4 5 |  5.2
Shields        | 4 5 6 7 8 |  8.0
Long Blades    | 2 3 6 8 10 12 13 | 13.6
Dodging        | 1 2 4 |  4.3
Throwing       | 1 |  1.8
Stealth        | |  0.8
Evocations     | |  0.1

Action                   |  1- 3 |  4- 6 |  7- 9 | 10-12 || total
-------------------------+-------+-------+-------+-------++-------
Melee: Flail             |    69 |    15 |       |       ||    84
       Headbutt          |     9 |    20 |    58 |    91 ||   178
       Long sword        |       |    96 |   338 |   367 ||   801
Throw: Throwing net      |       |     2 |     1 |     1 ||     4
       Boomerang         |       |       |       |     2 ||     2
       Dart              |       |       |       |     2 ||     2
Invok: Lunge             |       |     4 |    17 |    15 ||    36
       Whirlwind         |       |       |    13 |    27 ||    40
Evoke: Wand              |       |       |     1 |     2 ||     3
  Use: Scroll            |     3 |     3 |     6 |     5 ||    17
       Potion            |       |     1 |     3 |     8 ||    12
 Stab: Held in net/web   |       |     1 |       |       ||     1
Armor: Scale mail        |    10 |       |       |       ||    10
       Chain mail        |    26 |    82 |   216 |    82 ||   406
       Plate armour      |       |       |       |   111 ||   111
Dodge: Dodged            |    36 |    54 |   109 |   128 ||   327
Block: Buckler           |    11 |    26 |    73 |    85 ||   195

Table legend: (Time is in decaauts)
 A = Elapsed time spent in this place.
 B = Non-inter-level travel time spent in this place.
 C = Inter-level travel time spent in this place.
 D = Time resting spent in this place.
 E = Time spent auto-exploring this place.
 F = Levels seen in this place.
 G = Mean time per level.
                   A        B        C        D        E       F      G
               +--------+--------+--------+--------+--------+-----+--------+
         Total |   9455 |   9237 |    218 |   1058 |   4932 |  14 |  675.4 |
       Dungeon |   7648 |   7444 |    204 |    713 |   4156 |   8 |  956.0 |
          Lair |   1600 |   1586 |     14 |    287 |    776 |   5 |  320.0 |
       Ossuary |    207 |    207 |      0 |     58 |      0 |   1 |  207.0 |
               +--------+--------+--------+--------+--------+-----+--------+

Top non-repeatable levels by time:
  Lair:1: 1400 daAuts
     D:7: 1365 daAuts
     D:6: 1270 daAuts
     D:5: 1040 daAuts
     D:4: 1002 daAuts
     D:8: 890 daAuts
     D:2: 755 daAuts
     D:1: 751 daAuts
     D:3: 571 daAuts
 Ossuary: 207 daAuts
  Lair:4: 120 daAuts
  Lair:5: 34 daAuts
  Lair:2: 32 daAuts
  Lair:3: 11 daAuts
